 Dungeon Crawl Stone Soup version 0.21.1-1-g345015f (webtiles) character file.

788 aMcNicky the Digger (level 7, 0/40 HPs)
             Began as a Gargoyle Earth Elementalist on Mar 10, 2018.
             Was an Initiate of Vehumet.
             Slain by an orc warrior
             ... wielding the +6 war axe of Neurosis {holy, rC+ Str+6}
              (11 damage)
             ... on level 5 of the Dungeon.
             The game lasted 00:31:16 (6481 turns).

aMcNicky the Digger (Gargoyle Earth Elementalist)   Turns: 6481, Time: 00:31:17

Health: 0/40       AC:  8    Str: 12    XL:     7   Next: 87%
Magic:  9/14       EV: 12    Int: 17    God:    Vehumet [......]
Gold:   306        SH:  0    Dex: 13    Spells: 7/16 levels left

rFire    . . .     SeeInvis .   w - +0 flail
rCold    . . .     Gourm    .   (no shield)
rNeg     + . .     Faith    .   c - +0 robe
rPois    ∞         Spirit   .   (no helmet)
rElec    +         Reflect  .   k - +0 cloak
rCorr    .         Harm     .   (no gloves)
MR       .....                  (no boots)
Stlth    ++........             (no amulet)
HPRegen  0.13/turn              m - +3 ring of dexterity
MPRegen  0.14/turn              (no ring)

@: no status effects
A: negative energy resistance 1, electricity resistance, unbreathing,
petrification resistance, rot immunity, AC +4
a: Renounce Religion


You were on level 5 of the Dungeon.
You worshipped Vehumet.
Vehumet was noncommittal.
You were not hungry.

You visited 2 branches of the dungeon, and saw 7 of its levels.

You collected 306 gold pieces.

Inventory:

Hand Weapons
 a - a +0 whip
 g - a +0 short sword
 w - a +0 flail (weapon)
Missiles
 b - 122 stones (quivered)
Armour
 c - a +0 robe (worn)
 k - a +0 cloak (worn)
 p - a scarf of cloud immunity
Jewellery
 m - a +3 ring of dexterity (left hand)
Scrolls
 j - 4 scrolls of remove curse {@r2}
 n - a scroll of amnesia {unknown}
 r - a scroll of enchant weapon {unknown}
 s - a scroll of fog {unknown}
 x - a scroll of magic mapping {unknown}
 y - a scroll of blinking {unknown}
Potions
 f - a potion of might {unknown}
 h - a potion of ambrosia {unknown}
 i - a potion of agility {unknown}
 l - a potion of magic {unknown}
 q - 3 potions of lignification
 t - 2 potions of cancellation
 u - a potion of haste
 v - 2 potions of curing {unknown}
 z - 2 potions of mutation
 A - a potion of heal wounds {unknown}
Books
 e - a book of Geomancy

   Spells                             Type                      Level
   a - Sandblast                      Earth                        1
   b - Passwall                       Transmutation/Earth          2
   c - Stone Arrow                    Conjuration/Earth            3
   d - Petrify                        Transmutation/Earth          4
   e - Lee's Rapid Deconstruction     Earth                        5
Comestibles
 d - 6 rations
 B - a chunk of flesh


   Skills:
 + Level 2.0 Fighting
 + Level 1.8 Maces & Flails
 + Level 2.0 Armour
 + Level 2.3 Dodging
 - Level 2.1 Stealth
 + Level 5.1 Spellcasting
   Level 0.7 Transmutations
 + Level 7.1 Earth Magic


You had 7 spell levels left.
You knew the following spells:

 Your Spells              Type           Power        Failure   Level  Hunger
a - Sandblast             Erth           ####..       1%          1    None
b - Stone Arrow           Conj/Erth      ###...       10%         3    ###....
c - Lee's Rapid Deconstr  Erth           ####......   21%         5    ######.


Dungeon Overview and Level Annotations

Branches:
Dungeon (6/15)             Temple (1/1) D:5

Altars:
Dithmenos
Elyvilon
Kikubaaqudgha
Okawaru
Qazlal
Ru
Uskayaw
Vehumet
Wu Jian
Xom
Zin
Lugonu

Annotations:
D:4 Vesto's ghost, amateur GrFi


Innate Abilities, Weirdness & Mutations

You are resistant to torment.
Your stone body is resilient. (AC +4)
You are immune to poison.
You resist negative energy. (rN+)
You are resistant to electric shocks. (rElec)
You can survive without breathing.
You are immune to petrification.
You are immune to rotting.


Message History

Casting: Sandblast
Confirm with . or Enter, or press ? or * to list all spells.
Aiming: Sandblast
Press: ? - help, Shift-Dir - straight line, f - orc warrior
Aim: an orc warrior, wielding a smoking war axe {holy} and wearing a chain mail (moderately wounded)
The blast of sand hits the orc warrior.
The orc warrior is moderately wounded.
b - 123 stones The orc warrior hits you with a smoking war axe {holy}!
* * * LOW HITPOINT WARNING * * *
Casting: Sandblast
Confirm with . or Enter, or press ? or * to list all spells.
Aiming: Sandblast
Press: ? - help, Shift-Dir - straight line, f/p - orc warrior
Aim: an orc warrior, wielding a smoking war axe {holy} and wearing a chain mail (moderately wounded)
The blast of sand hits the orc warrior.
The orc warrior is heavily wounded.
b - 122 stones The orc warrior hits you with a smoking war axe {holy}!
You die...

##..##..........#........#
.##.##..###......###..##.#
............#.....###....##
......###.....#.....####..##
.##.#####.######.#...###...#
.##...#...# #(###...#.#.#
.#......### #...###..>#.######
.#..#.############.####..........
............(.[.@o...............
..#...####.#######...##..........
#.##...###.........#.###..#######
#.###...##..########.# ##.#
#...........# #.# #.#
...#####....## #o# ##.### ##.##
#.....### #.###..^.#
.#.<####.###...#####..##....#
...............o......##....#


You could see an orc warrior.

Vanquished Creatures
  An ice beast (D:5)
  An ogre (D:5)
  A bullfrog (D:5)
  A scorpion (D:5)
  A hound (D:4)
  An orc priest (D:6)
  A gnoll shaman (D:4)
  An iguana (D:4)
  3 orc wizards
  3 worker ants
  A hound zombie (D:6)
  7 gnolls (D:4)
  4 adders
  A howler monkey skeleton (D:6)
  2 oozes
  A worm (D:2)
  2 dart slugs (D:1)
  3 leopard geckos
  11 orcs
  2 ball pythons
  4 giant cockroaches
  11 goblins
  8 hobgoblins
  6 kobolds
  7 bats
  8 frilled lizards
  2 jackal zombies (D:5)
  13 rats
107 creatures vanquished.

Notes
Turn   | Place    | Note
-------+----------+-------------------------------------------
     0 | D:1      | aMcNicky the Gargoyle Earth Elementalist began the quest for the Orb.
     0 | D:1      | Reached XP level 1. HP: 10/10 MP: 3/3
   190 | D:1      | Reached XP level 2. HP: 15/15 MP: 5/5
   208 | D:1      | Reached skill level 4 in Earth Magic
   755 | D:1      | Reached XP level 3. HP: 19/19 MP: 2/6
  1132 | D:2      | Learned a level 3 spell: Stone Arrow
  1377 | D:2      | Found a hide-covered altar of Uskayaw.
  1457 | D:2      | Found a white marble altar of Elyvilon.
  1741 | D:2      | Reached XP level 4. HP: 17/24 MP: 4/8
  2266 | D:3      | Reached skill level 5 in Earth Magic
  2815 | D:3      | Found a shadowy altar of Dithmenos.
  3376 | D:4      | Reached XP level 5. HP: 25/28 MP: 5/10
  3425 | D:4      | Found a shimmering altar of Xom.
  3721 | D:4      | Reached skill level 6 in Earth Magic
  3727 | D:4      | Reached XP level 6. HP: 30/32 MP: 7/12
  4105 | D:4      | Found a stormy altar of Qazlal.
  4106 | D:4      | Noticed Vesto's ghost (amateur GrFi)
  4661 | D:5      | Entered Level 5 of the Dungeon
  4668 | D:5      | Learned a level 5 spell: Lee's Rapid Deconstruction
  4751 | D:5      | Found a staircase to the Ecumenical Temple.
  4757 | Temple   | Entered the Ecumenical Temple
  4770 | Temple   | Became a worshipper of Vehumet
  5008 | D:5      | Reached skill level 1 in Armour
  5008 | D:5      | Reached XP level 7. HP: 37/37 MP: 5/14
  5280 | D:6      | Reached skill level 1 in Fighting
  5300 | D:6      | Found a glowing silver altar of Zin.
  5356 | D:6      | Reached skill level 1 in Maces & Flails
  6033 | D:5      | Reached skill level 7 in Earth Magic
  6117 | D:5      | Reached skill level 5 in Spellcasting
  6481 | D:5      | Identified the +6 war axe of Neurosis {holy, rC+ Str+6}
  6481 | D:5      | Slain by an orc warrior

Skill      XL: |  1  2  3  4  5  6  7 |
---------------+----------------------+-----
Earth Magic    | 4 5 6 7 |  7.1
Spellcasting   | 3 4 5 |  5.1
Armour         | 1 2 |  2.0
Fighting       | 2 |  2.0
Maces & Flails | 1 |  1.8
Dodging        | 2 |  2.3
Stealth        | |  2.1
Transmutations | |  0.7

Action                   |  1- 3 |  4- 6 |  7- 9 || total
-------------------------+-------+-------+-------++-------
Melee: Short sword       |    52 |       |       ||    52
       Whip              |    23 |    97 |       ||   120
       Flail             |       |    15 |    19 ||    34
Throw: Stone             |     1 |     2 |       ||     3
 Cast: Sandblast         |    34 |    82 |    36 ||   152
       Stone Arrow       |       |     2 |     6 ||     8
  Use: Scroll            |     2 |     8 |     3 ||    13
       Potion            |       |       |     1 ||     1
 Stab: Sleeping          |     3 |     1 |       ||     4
  Eat: Chunk             |     1 |     5 |     2 ||     8
       Ration            |     1 |     1 |     1 ||     3
Armor: Robe              |    27 |    43 |    20 ||    90
Dodge: Dodged            |    63 |   100 |    46 ||   209
